 Dungeon Crawl Stone Soup version 0.17-a0-737-gf0a300a (webtiles) character file.

65833 HungrySpirit the Fencer (level 15, -3/186 HPs)
             Began as a Human Berserker on Apr 20, 2015.
             Was a High Priest of Trog.
             Succumbed to a redback's poison
             ... on level 8 of the Lair of Beasts.
             The game lasted 00:53:35 (25252 turns).

HungrySpirit the Fencer (Human Berserker)          Turns: 25252, Time: 00:53:36

Health: -3/186     AC: 25    Str: 29    XL:     15   Next: 59%
Magic:  15/15      EV:  9    Int:  8    God:    Trog [*****.]
Gold:   1559       SH:  7    Dex: 17    Spells: 0 memorised, 14 levels left

rFire  . . .     SeeInvis +     N - +5 falchion (flame)
rCold  . . .     Clarity  .     H - +3 plate armour
rNeg   . . .     SustAb   .     j - +0 buckler
rPois  .         Gourm    .     C - +0 helmet
rElec  .         Spirit   .     F - +1 cloak
rCorr  .         Warding  .     p - +0 pair of gloves
rMut   .         Stasis   .     q - +0 pair of boots
MR     +....                    b - amulet of regeneration
Stlth  ..........               P - ring of see invisible
                                k - +5 ring of dexterity

@: berserking (expiring), lethally poisoned (-3 -> -90), slowed, somewhat
resistant to hostile enchantments, extremely unstealthy
A: icy blue scales 1
a: Burn Spellbooks, Berserk, Trog's Hand, Brothers in Arms, Renounce Religion


You were on level 8 of the Lair of Beasts.
You worshipped Trog.
Trog was extremely pleased with you.
You were not hungry.

You visited 2 branches of the dungeon, and saw 19 of its levels.
You also visited: Labyrinth and Volcano.

You collected 1703 gold pieces.
You spent 144 gold pieces at shops.

Inventory:

Hand weapons
 r - the +7 long sword of Innocence {drain, rF- rC+++ rN++}
   (You found it on level 4 of the Dungeon)

   A truly terrible weapon, it drains the life of those it strikes.
   It makes you vulnerable to fire.
   It renders you almost immune to cold.
   It greatly protects you from negative energy.
 N - a +5 falchion of flaming (weapon)
Armour
 j - a +0 buckler (worn)
 p - a +0 pair of gloves (worn)
 q - a +0 pair of boots (worn)
 C - a +0 helmet (worn)
 F - a +1 cloak (worn)
 H - a +3 plate armour (worn)
 R - a +0 shield
 U - a +10 plate armour of ponderousness
 W - a +4 scale mail of fire resistance
 X - a fire dragon hide
Jewellery
 b - an amulet of regeneration (around neck)
 k - a +5 ring of dexterity (left hand)
 v - a cursed ring of flight
 D - an uncursed amulet of clarity
 P - a ring of see invisible (right hand)
Magical devices
 z - a wand of digging (9)
 M - a wand of lightning (5)
 Q - a wand of draining (5)
 V - a wand of disintegration (14)
Scrolls
 d - a scroll of silence
 e - 2 scrolls of recharging
 h - a scroll of noise
 l - 3 scrolls of magic mapping
 m - 15 scrolls of identify
 o - 4 scrolls of remove curse
 w - a scroll of fear
 J - a scroll of teleportation
 L - 4 scrolls of fog
 O - 3 scrolls of immolation
Potions
 a - 4 potions of might
 g - 2 potions of cure mutation
 i - 3 potions of restore abilities
 n - 7 potions of curing
 s - a potion of cancellation
 t - 3 potions of agility
 u - 2 potions of haste
 x - 2 potions of resistance
 B - 4 potions of heal wounds
 E - a potion of magic
 G - a potion of flight
 I - 2 potions of invisibility
 K - 3 potions of berserk rage
 T - a potion of brilliance
Comestibles
 c - 14 bread rations
 f - 5 meat rations
 A - 4 chunks of flesh


   Skills:
 + Level 13.4 Fighting
 * Level 17.7 Long Blades
 + Level 10.3 Armour
 - Level 2.0 Dodging
 + Level 9.1 Shields


You had 14 spell levels left.
You didn't know any spells.

Dungeon Overview and Level Annotations

Branches:
Dungeon (11/15)            Temple (0/1) D:5            Lair (8/8) D:10
 Shoals (0/5) Lair:6        Snake (0/5) Lair:6        Slime (0/6) Lair:8
    Orc: D:9-12

Altars:
Ashenzari
Cheibriados
Dithmenos
Elyvilon
Fedhas
Gozag
Makhleb
Nemelex Xobeh
Okawaru
Qazlal
Ru
Sif Muna
Trog
Xom
Jiyva

Shops:
D:5 *}


Innate Abilities, Weirdness & Mutations

You are partially covered in icy blue scales (AC +1).


Message History

The redback is heavily wounded.
* * * LOW HITPOINT WARNING * * *
You feel very sick. The guardian serpent hits you!
* * * LOW HITPOINT WARNING * * *
You slash the redback! You burn the redback.
You kill the redback!
Trog accepts your kill.
* * * LOW HITPOINT WARNING * * *
You feel very sick. The guardian serpent hits you!
* * * LOW HITPOINT WARNING * * *
You are too berserk!
You are too berserk!
You are too berserk!
You are too berserk!
You are too berserk!
You slash the guardian serpent! You burn the guardian serpent.
The guardian serpent is heavily wounded.
You die...

...P......##..#..#)(##†.........#
...###..%..##.####†P#....###P...#
...P.###....#..####....### ##..##
.......###.[.....##..###. #...#
..P.P....###.#....####... #...#
...........###.PP.P...... #...#
...........###..P††......$ #....
....P....###.#.(.S####.. #....
.PPP...###.[.##.@##..### #....
..PP.###.....#######...### ##..[.
.PP###.....#..####.##....###.....
P..P......##..#..#..##...†.†...#.
P..P.....##..##..##..##.......P##
....P...##...#....#...##...P...P#
....P..##...##...(##...##..P.#.##
....P###....#......#....###P..##
.....##....##......##...†######


You could see a guardian serpent.

Vanquished Creatures
  Maud (D:11)
  A minotaur (Lab)
  Josephine (D:10)
  A fire dragon (Lair:8)
  Erolcha (D:8)
  Harold (Lair:2)
  4 hydras
  A catoblepas (Lair:7)
  11 death yaks
  A lindwurm (Lair:8)
  The ghost of inmateoo the Ruffian, an experienced NaTm (D:6)
  A hill giant (D:11)
  A wolf spider (Lair:8)
  A griffon (Lair:7)
  A hornet (Lair:8)
  A cyclops (D:11)
  2 ugly things (D:11)
  4 elephants (Lair:8)
  12 black mambas
  2 centaur skeletons
  A queen ant (Lair:8)
  6 torpor snails
  18 spiny frogs
  6 komodo dragons
  4 fire drakes
  2 trolls
  2 giant leeches (Lair:8)
  8 blink frogs (Lair:2)
  A snapping turtle (Lair:6)
  A vampire (Volcano)
  Sigmund (D:6)
  A trapdoor spider (D:10)
  3 redbacks (Lair:8)
  A spriggan (D:10)
  60 yaks
  2 flying skulls (Volcano)
  3 wyverns
  A deep elf mage (D:10)
  5 wraiths (D:10)
  A deep elf fighter (D:10)
  4 hippogriffs
  Grum (D:8)
  A basilisk (Lair:6)
  13 wolves
  2 hungry ghosts
  Edmund (D:5)
  2 nagas (Lair:6)
  11 porcupines
  17 water moccasins
  Duvessa (D:6)
  12 soldier ants (Lair:8)
  7 spiders (Lair:8)
  2 ice beasts
  A necrophage (D:10)
  4 wasps (Lair:8)
  An eye of draining (D:10)
  2 phantoms
  6 ogres
  15 crocodiles
  An orc warrior (D:5)
  10 centaurs
  A boring beetle (Lair:4)
  4 brain worms (Lair:8)
  15 giant frogs
  2 big kobolds
  A scorpion (D:6)
  A wyvern skeleton (D:11)
  Dowan (D:6)
  5 electric eels (D:11)
  8 killer bees
  A quasit (D:11)
  3 wights (D:7)
  5 crimson imps
  2 centaur zombies
  A giant frog zombie (D:6)
  9 orc wizards
  4 jellies
  8 orc priests
  12 iguanas
  4 hounds
  43 worker ants
  11 sheep
  2 mummies (Volcano)
  A gnoll (D:8)
  18 adders
  27 river rats
  2 shadow imps
  2 oozes (D:7)
  An adder skeleton (D:4)
  19 worms
  8 giant geckos
  30 orcs
  2 bat skeletons (D:7)
  A bat zombie (D:6)
  8 goblins
  16 hobgoblins
  8 jackals
  25 kobolds
  7 quokkas
  3 ball pythons
  16 bats
  9 giant cockroaches
  A giant cockroach zombie (D:5)
  2 giant newts
  A jackal skeleton (D:9)
  25 rats
  2 bushes (Lair:2)
  A fungus (Lair:8)
  2 plants (Lair:8)
670 creatures vanquished.

Vanquished Creatures (collateral kills)
  Joseph (D:8)
  3 blink frogs (Lair:8)
  A hungry ghost (D:11)
  A soldier ant (Lair:8)
  5 worker ants (Lair:8)
  An orc (D:11)
12 creatures vanquished.

Vanquished Creatures (others)
  An ogre (D:11)
  A worker ant (Lair:8)
  A bush (Lair:2)
  3 fungi
  14 plants
20 creatures vanquished.

Grand Total: 702 creatures vanquished

Notes
Turn   | Place    | Note
--------------------------------------------------------------
     0 | D:1      | HungrySpirit, the Human Berserker, began the quest for the Orb.
     0 | D:1      | Reached XP level 1. HP: 18/18 MP: 1/1
   134 | D:1      | Reached XP level 2. HP: 20/24 MP: 2/2
   515 | D:1      | Reached XP level 3. HP: 29/29 MP: 3/3
   870 | D:2      | Reached skill level 4 in Long Blades
  1093 | D:2      | Found a sparkling altar of Nemelex Xobeh.
  1108 | D:2      | Acquired Trog's second power
  1294 | D:2      | Reached XP level 4. HP: 28/35 MP: 4/4
  2127 | D:3      | Reached XP level 5. HP: 38/41 MP: 5/5
  2606 | D:4      | Reached skill level 5 in Long Blades
  2757 | D:4      | Reached XP level 6. HP: 26/48 MP: 6/6
  2962 | D:4      | Got a shimmering long sword
  3081 | D:4      | Reached skill level 6 in Long Blades
  3085 | D:4      | Reached XP level 7. HP: 55/55 MP: 7/7
  3147 | D:4      | Identified the +7 long sword of Innocence {drain, rF- rC+++ rN++} (You found it on level 4 of the Dungeon)
  3252 | D:4      | Noticed an ogre
  3260 | D:4      | Killed an ogre
  3338 | D:4      | Reached skill level 5 in Fighting
  3419 | D:4      | Reached skill level 7 in Long Blades
  4135 | D:5      | Entered Level 5 of the Dungeon
  4301 | D:5      | Found an opulent altar of Gozag.
  4302 | D:5      | Noticed Edmund
  4317 | D:5      | Killed Edmund
  4317 | D:5      | Reached XP level 8. HP: 42/63 MP: 8/8
  4693 | D:5      | Reached skill level 8 in Long Blades
  4897 | D:5      | Found Irghuewa's General Store.
  4909 | D:5      | Bought a scroll of identify for 24 gold pieces
  4909 | D:5      | Bought a potion of resistance for 120 gold pieces
  4909 | D:5      | Found Gopoi's Gadget Boutique.
  4916 | D:5      | Found a staircase to the Ecumenical Temple.
  5063 | D:5      | Acquired Trog's third power
  5160 | D:5      | Found a bloodstained altar of Trog.
  5688 | D:6      | Reached skill level 9 in Long Blades
  5806 | D:6      | You fall through a shaft!
  5831 | D:7      | Reached XP level 9. HP: 62/71 MP: 9/9
  6018 | D:6      | Noticed Sigmund
  6026 | D:6      | Killed Sigmund
  6082 | D:6      | Noticed Dowan
  6083 | D:6      | Noticed Duvessa
  6096 | D:6      | Killed Dowan
  6108 | D:6      | Killed Duvessa
  6108 | D:6      | Reached skill level 10 in Long Blades
  6638 | D:6      | Noticed inmateoo's ghost (experienced NaTm)
  6655 | D:6      | Killed inmateoo's ghost
  6749 | D:7      | Found a burning altar of Makhleb.
  6947 | D:7      | Reached skill level 11 in Long Blades
  6958 | D:7      | Reached XP level 10. HP: 80/80 MP: 10/10
  7008 | D:7      | Found a viscous altar of Jiyva.
  7297 | D:7      | Reached skill level 12 in Long Blades
  7511 | D:8      | Noticed Erolcha
  7520 | D:8      | Noticed Grum
  7700 | D:8      | Killed Erolcha
  7708 | D:8      | HP: 3/83 [Grum/glaive (23)]
  7713 | D:8      | Killed Grum
  7947 | D:8      | Reached XP level 11. HP: 89/89 MP: 11/11
  7974 | D:8      | Found a shadowy altar of Dithmenos.
  8099 | D:8      | Noticed Joseph
  8106 | D:8      | Killed Joseph
  8106 | D:8      | Reached skill level 13 in Long Blades
  8381 | D:8      | Found a stormy altar of Qazlal.
  8388 | D:8      | Found an iron altar of Okawaru.
  8393 | D:8      | Found a shattered altar of Ashenzari.
  8400 | D:8      | Found a white marble altar of Elyvilon.
  8407 | D:8      | Found a sacrificial altar of Ru.
  8414 | D:8      | Found a deep blue altar of Sif Muna.
  8426 | D:8      | Found a blossoming altar of Fedhas.
  8529 | D:8      | Found a snail-covered altar of Cheibriados.
  9231 | D:9      | Gained mutation: You are partially covered in icy blue scales (AC +1). [potion of beneficial mutation]
  9275 | D:10     | Entered Level 10 of the Dungeon
  9432 | D:10     | Reached skill level 10 in Fighting
  9641 | D:10     | Found a staircase to the Lair.
 10331 | D:10     | Reached skill level 1 in Shields
 10527 | D:10     | Noticed Josephine
 10549 | D:10     | Killed Josephine
 10565 | D:10     | Reached skill level 14 in Long Blades
 10677 | D:10     | Reached XP level 12. HP: 98/98 MP: 12/12
 11076 | D:11     | Reached skill level 5 in Armour
 11098 | D:11     | Noticed a six-headed hydra
 11114 | D:11     | Killed a six-headed hydra
 11869 | D:11     | Received a gift from Trog
 11975 | D:11     | Noticed Maud
 11993 | D:11     | Killed Maud
 13689 | Lair:1   | Entered Level 1 of the Lair of Beasts
 14260 | Lair:1   | Reached XP level 13. HP: 106/106 MP: 13/13
 14268 | Lair:1   | Reached skill level 15 in Long Blades
 14280 | Lair:1   | Reached skill level 5 in Shields
 14636 | Lair:2   | Found a labyrinth entrance.
 14647 | Lab      | Entered a labyrinth
 14750 | Lab      | Noticed a minotaur
 14764 | Lab      | Killed a minotaur
 15437 | Lair:2   | Received a gift from Trog
 15769 | Lair:2   | Noticed Harold
 15788 | Lair:2   | Killed Harold
 16483 | Lair:3   | Upgraded the game from 0.17-a0-719-g32c6a46 to 0.17-a0-737-gf0a300a
 17031 | Lair:3   | Found a runed door.
 17924 | Lair:4   | Found a shimmering altar of Xom.
 18098 | Lair:4   | Reached skill level 16 in Long Blades
 19156 | Lair:5   | Reached XP level 14. HP: 110/115 MP: 14/14
 19697 | Lair:6   | Found a dark tunnel.
 19710 | Volcano  | Entered a volcano
 20353 | Lair:6   | Found a staircase to the Snake Pit.
 20365 | Lair:6   | Received a gift from Trog
 20478 | Lair:6   | Found a staircase to the Shoals.
 22450 | Lair:8   | Entered Level 8 of the Lair of Beasts
 23337 | Lair:8   | Reached skill level 17 in Long Blades
 23439 | Lair:8   | Found a viscous altar of Jiyva.
 23440 | Lair:8   | Found a staircase to the Slime Pits.
 23498 | Lair:8   | Reached XP level 15. HP: 104/123 MP: 15/15
 24031 | Lair:8   | Found a runed door.
 24044 | Lair:8   | Received a gift from Trog
 24516 | Lair:8   | Reached skill level 10 in Armour
 24799 | Lair:8   | Received a gift from Trog
 24986 | Lair:8   | Got a steaming long sword
 24998 | Lair:8   | Identified the +5 long sword "HungrySpirit's Curse" {venom, rPois Int-3 Dex+4} (You found it on level 8 of the Lair of Beasts)
 25251 | Lair:8   | HP: 2/186 [guardian serpent (13)]
 25252 | Lair:8   | Succumbed to a redback's poison

Action                   |  1- 3 |  4- 6 |  7- 9 | 10-12 | 13-15 || total
-------------------------+-------+-------+-------+-------+-------++-------
Melee: Falchion          |    85 |       |       |       |  1383 ||  1468
       Dagger            |     9 |   143 |   439 |   941 |       ||  1532
       Long sword        |       |       |    11 |    72 |   229 ||   312
Invok: Berserk           |     1 |     1 |     9 |    17 |     9 ||    37
       Trog's Hand       |       |       |     2 |     3 |     6 ||    11
       Brothers in Arms  |       |       |       |     3 |     1 ||     4
Evoke: Wand              |       |       |    11 |     5 |       ||    16
  Use: Scroll            |     4 |       |       |    14 |    13 ||    31
       Potion            |       |       |       |    10 |     1 ||    11
  Eat: Chunk             |     2 |     6 |    16 |    35 |    32 ||    91
       Fruit             |       |       |     3 |       |     6 ||     9
       Beef jerky        |       |       |     2 |       |     2 ||     4
       Royal jelly       |       |       |       |     2 |       ||     2
       Meat ration       |       |       |       |     1 |     1 ||     2
       Pizza             |       |       |       |       |     4 ||     4
